 Dungeon Crawl Stone Soup version 0.25.1-9-gc5326a611f (webtiles) character file.

Game seed: 4915340613518722273

662 parra the Chiller (level 7, -1/55 HPs)
             Began as a Naga Ice Elementalist on Jan 25, 2022.
             Was an Initiate of Cheibriados.
             Slain by a wight
             ... wielding a cursed +4 dagger
              (3 damage)
             ... on level 5 of the Dungeon.
             The game lasted 00:07:55 (5854 turns).

parra the Chiller (Naga Ice Elementalist)           Turns: 5854, Time: 00:07:56

Health: -1/55      AC:  5    Str: 11    XL:     7   Next: 56%
Magic:  20/22      EV:  9    Int: 18    God:    Cheibriados [......]
Gold:   241        SH:  0    Dex: 13    Spells: 4/15 levels left

rFire    x . .     SeeInvis +   j - +2 flail (drain)
rCold    + . .     Gourm    .   (no shield)
rNeg     . . .     Faith    .   h - +0 leather armour
rPois    +         Spirit   .   q - +0 helmet
rElec    .         Reflect  .   r - +0 cloak
rCorr    .         Harm     .   (no gloves)
MR       .....                  (no barding)
Stlth    ++........             s - amulet of regeneration
HPRegen  0.58/turn              f - ring of magical power
MPRegen  0.18/turn              k - ring of ice

@: frozen ramparts, drained, very slow
A: large, see invisible, deformed body, poison resistance, slowness 2, slow
metabolism 1, spit poison 1, AC +2
a: Spit Poison, Bend Time, Renounce Religion


You were on level 5 of the Dungeon.
You worshipped Cheibriados.
Cheibriados was noncommittal.
You were hungry.

You visited 2 branches of the dungeon, and saw 7 of its levels.

You collected 241 gold pieces.

Inventory:

Hand Weapons
 j - a +2 flail of draining (weapon)
Missiles
 e - 89 stones (quivered)
Armour
 h - a +0 leather armour (worn)
 q - a +0 helmet (worn)
 r - a +0 cloak (worn)
Jewellery
 f - a ring of magical power (left hand)
 k - a ring of ice (right hand)
 m - an uncursed ring of protection from cold
 s - an amulet of regeneration (around neck)
Scrolls
 b - 5 scrolls of amnesia
 l - 2 scrolls of remove curse
 o - a scroll of blinking {unknown}
 t - a scroll of enchant weapon {unknown}
 u - 8 scrolls of identify {unknown}
 v - 5 scrolls of teleportation {unknown}
 w - a scroll of fog {unknown}
Potions
 a - a potion of magic {unknown}
 d - a potion of mutation {unknown}
 g - a potion of berserk rage {unknown}
 i - a potion of cancellation {unknown}
 n - 2 potions of stabbing {unknown}
 z - a potion of degeneration {unknown}
 A - a potion of resistance {unknown}
Comestibles
 c - 10 rations


   Skills:
 - Level 1.5(0.6) Dodging
 - Level 3.0(2.0) Stealth
 + Level 4.5(3.6) Spellcasting
 * Level 7.7(6.6) Ice Magic


You had 4 spell levels left.
You knew the following spells:

 Your Spells              Type           Power        Failure   Level  Hunger
a - Freeze                Ice            ####         1%          1    None
b - Frozen Ramparts       Ice            #####.       3%          3    ###....
c - Ozocubu's Armour      Chrm/Ice       ###.....     16%         3    ###....
d - Hailstorm             Conj/Ice       ###.....     45%         4    ####...

Your spell library contained the following spells:

 Spells                   Type           Power        Failure   Level  Hunger
 Animate Skeleton         Necr           N/A          21%         1    None
 Apportation              Tloc           #.....       21%         1    None
 Corona                   Hex            #......      21%         1    None
 Summon Small Mammal      Summ           #...         21%         1    None
 Summon Ice Beast         Ice/Summ       ###.....     45%         4    ####...


Dungeon Overview and Level Annotations

Branches:
Dungeon (6/15)             Temple (1/1) D:5

Altars:
Ashenzari
Cheibriados
Dithmenos
Elyvilon
Gozag
Hepliaklqana
Nemelex Xobeh
Ru
Sif Muna
Trog
Uskayaw
Xom
Zin

Annotations:
D:3 1 runed translucent door, eliilek's ghost, amateur DsNe


Innate Abilities, Weirdness & Mutations

You cannot wear boots.
Your serpentine skin is tough. (AC +2)
You have supernaturally acute eyesight. (SInv)
Armour fits poorly on your strangely shaped body.
Your system is resistant to poisons. (rPois)
You cover ground very slowly.
You have a slow metabolism.
You can spit poison.


Message History

The wight hits you with a cursed +2 morningstar.
* * * LOW HITPOINT WARNING * * *
The wight resists.
The wall freezes the wight.
The wight misses you.
The wight completely resists.
The wall freezes the wight but do no damage.
The wight hits you with a cursed +0 dagger.
* * * LOW HITPOINT WARNING * * *
You feel drained.
Unknown command.
Unknown command.
Unknown command.
Unknown command.
You closely miss the wight.
The wight is severely damaged.
The wight resists.
The wall freezes the wight.
The wight barely misses you.
The wight resists.
The wall freezes the wight.
The wight hits you with a cursed +4 dagger!
* * * LOW HITPOINT WARNING * * *
You feel drained.
You die...

########.#####.# ##...##.....##..
#.......###...............
##.....#.....##.........##
#...##.###.####..._...###
#########...........##.........##
............####.#...............
##########.#####.##...##.....##..
#.....†zz...###..#..###.
#######@###.##..###..##. #z#
#.....###..... #.# #####..#.=####
#.# #.....# # #.# ####### # #.# #
################.# #
.................# #
################## #


You could see 3 wights.

Vanquished Creatures
  An ogre (D:4)
  A bullfrog (D:5)
  A scorpion (D:5)
  A crimson imp (D:5)
  2 orc priests (D:3)
  2 hounds (D:4)
  2 centaur skeletons (D:4)
  2 worker ants
  4 gnolls (D:3)
  5 adders
  A shadow imp (D:5)
  2 adder skeletons
  2 worms (D:3)
  9 dart slugs
  5 leopard geckos
  9 orcs
  2 ball pythons (D:2)
  2 giant cockroaches
  3 goblins
  7 hobgoblins
  2 jackals (D:5)
  A quokka (D:3)
  6 bats
  6 frilled lizards
  A jackal skeleton (D:4)
  6 kobolds
  A leopard gecko skeleton (D:5)
  9 rats
95 creatures vanquished.

Notes
Turn   | Place    | Note
-------+----------+-------------------------------------------
     0 | D:1      | parra the Naga Ice Elementalist began the quest for the
                  | Orb.
     0 | D:1      | Reached XP level 1. HP: 15/15 MP: 3/3
   175 | D:1      | Reached XP level 2. HP: 22/22 MP: 1/5
   784 | D:1      | Reached XP level 3. HP: 22/28 MP: 6/6
   789 | D:1      | Learned a level 3 spell: Frozen Ramparts
  1368 | D:2      | Found an opulent altar of Gozag.
  1368 | D:2      | Found a glowing silver altar of Zin.
  1612 | D:2      | Found a sparkling altar of Nemelex Xobeh.
  1615 | D:2      | Found a white marble altar of Elyvilon.
  1618 | D:2      | Found a bloodstained altar of Trog.
  1917 | D:2      | Found a shimmering altar of Xom.
  1978 | D:2      | Reached skill level 5 in Ice Magic
  2070 | D:2      | Reached XP level 4. HP: 18/36 MP: 8/8
  2509 | D:3      | Reached XP level 5. HP: 40/42 MP: 9/9
  3139 | D:3      | Found a hazy altar of Hepliaklqana.
  3147 | D:3      | Found a faded altar of an unknown god.
  3178 | D:3      | Reached skill level 6 in Ice Magic
  3418 | D:3      | Learned a level 3 spell: Ozocubu's Armour
  3539 | D:3      | Noticed eliilek's ghost (amateur DsNe)
  3546 | D:3      | Found a runed translucent door.
  3604 | D:3      | Reached XP level 6. HP: 49/49 MP: 11/11
  3806 | D:4      | Found a sacrificial altar of Ru.
  4458 | D:4      | Reached skill level 7 in Ice Magic
  4554 | D:4      | Reached XP level 7. HP: 55/55 MP: 13/13
  4909 | D:5      | Entered Level 5 of the Dungeon
  4915 | D:5      | Learned a level 4 spell: Hailstorm
  5193 | D:5      | Noticed a +0 hand axe
  5193 | D:5      | Noticed a +0 hand axe
  5200 | D:5      | Found a hide-covered altar of Uskayaw.
  5204 | D:5      | Found a shadowy altar of Dithmenos.
  5398 | D:5      | Found a staircase to the Ecumenical Temple.
  5609 | Temple   | Entered the Ecumenical Temple
  5620 | Temple   | Became a worshipper of Cheibriados the Contemplative
  5854 | D:5      | HP: 2/55 [wight/cursed +4 dagger (7)]
  5854 | D:5      | Slain by a wight

Illustrated notes

Levels and vault maps discovered:
D:1:      wheals_arrival_shading, layout_rooms, dk_noncrumbling_4, minivault_24,
          st_stairs_10, minmay_misc_feat_cross
D:2:      layout_loops_cross, grunt_temple_overflow_gold_and_silver,
          xom_butterflies, grunt_temple_overflow_diamond
D:3:      layout_basic, lemuel_crystal_altar, chequers_ecumenical_altar_grove,
          hellmonk_ghost_happy_afterlife, hex_intersection, st_stairs_12,
          minivault_26
D:4:      minmay_wonky_spiral, layout_gridville, nicolae_ru_awakened_eye
D:5:      layout_loops_ring, nicolae_dithmenos_shadow_blocks,
          dancing_weapons_uskayaw, minmay_temple_entry_arrows, first_ration
D:6:      layout_basic, marbit_many_paths, kennysheep_mini_moat,
          kennysheep_boxes, uniq_menkaure
Temple:   compressed_dpeg_triangle_lava_temple

Skill      XL: |  1  2  3  4  5  6 |
---------------+-------------------+-----
Ice Magic      | 5 6 7 |  7.7
Spellcasting   | 3 4 |  4.5
Dodging        | |  1.5
Stealth        | |  3.0

Action                   |  1- 3 |  4- 6 |  7- 9 || total
-------------------------+-------+-------+-------++-------
Melee: Unarmed           |     2 |       |       ||     2
       Mace              |    24 |       |       ||    24
       War axe           |     7 |    54 |       ||    61
       Flail             |       |    51 |    67 ||   118
 Cast: Freeze            |    28 |     1 |       ||    29
       Frozen Ramparts   |     5 |     8 |     3 ||    16
 Abil: Spit Poison       |     9 |     1 |       ||    10
  Use: Scroll            |       |       |     2 ||     2
 Stab: Sleeping          |     1 |     6 |     3 ||    10
  Eat: Chunk             |     4 |     7 |     3 ||    14
Armor: Robe              |    19 |       |       ||    19
       Leather armour    |    10 |    36 |    42 ||    88
Dodge: Dodged            |    45 |    50 |    31 ||   126
